AoeStats
← ♚ Cartman ★

Black Forest

506298081Analyzed
4v4 RM · 20d ago on Sep 13, 2026· 69m 34s· 8 players
Game mode
Random Map
Map size
Large (8 player)
Population
200
Speed
Normal
Resources
Standard
Victory
Conquest
Starting age
Dark Age
Ending age
Imperial Age
RankedLock teamsTeams togetherTeam positionsShared explorationLock speedFull tech treeHidden civsTurbo modeCheats
Victory
Defeat
🇨🇱 Slavs · Chile
603
+13
🇨🇱 Franks · Chile
589
+13
🇨🇱 Khmer · Chile
559
+15
🇺🇸 Spanish · United States
552
+15
🇨🇳 Japanese · China
574
-30
🇦🇷 Britons · Argentina
570
-16
🇨🇴 Khmer · Colombia
487
-12
🇲🇽 Bohemians · Mexico
486
-12
Goku18996640
2:31 Loom
20:13 Feudal Age
21:11 Fishing Lines
32:46 Castle Age
30:53 Arson
31:48 Forging
31:40 Scale Mail Armor
34:45 Iron Casting
34:40 Pikeman
35:21 Squires
34:53 Pikeman
40:33 Imperial Age
39:32 Fletching
39:58 Chain Mail Armor
39:44 Padded Archer Armor
40:40 Halberdier
41:26 Gillnets
44:13 Elite Hussite Wagon
46:01 Town Watch
46:53 Wheelbarrow
48:37 Blast Furnace
48:28 Double-Bit Axe
49:15 Ballistics
49:55 Chemistry
48:53 Murder Holes
49:52 Caravan
50:23 Coinage
50:05 Guilds
50:50 Hand Cart
50:36 Town Patrol
50:57 Treadmill Crane
51:31 Fortified Wall
51:18 Guard Tower
51:37 Siege Engineers
51:43 Masonry
54:29 Bow Saw
56:46 Banking
57:21 Bodkin Arrow
57:57 Plate Mail Armor
57:43 Leather Archer Armor
59:04 Houfnice
ASH3R.
13:53 Feudal Age
14:39 Double-Bit Axe
14:36 Horse Collar
15:39 Wheelbarrow
15:11 Stone Mining
15:50 Gold Mining
15:45 Fishing Lines
21:53 Castle Age
23:01 Heavy Plow
23:13 Bow Saw
25:16 Hand Cart
25:39 Caravan
27:20 Gold Shaft Mining
27:22 Stone Shaft Mining
32:32 Imperial Age
30:18 Scale Barding Armor
30:14 Scale Mail Armor
30:25 Forging
31:48 Coinage
34:00 Banking
34:08 Crop Rotation
35:12 Elite Ballista Elephant
36:33 Chain Barding Armor
37:00 Iron Casting
37:27 Double Crossbow
41:05 Conscription
40:46 Tusk Swords
43:21 Blast Furnace
42:37 Chain Mail Armor
42:58 Plate Barding Armor
49:01 Town Watch
49:02 Loom
52:54 Cavalier
53:35 Husbandry
NooBskie
11:56 Feudal Age
13:49 Wheelbarrow
13:41 Gold Mining
14:38 Stone Mining
15:30 Double-Bit Axe
26:42 Castle Age
29:14 Bow Saw
28:49 Horse Collar
29:49 Gold Shaft Mining
31:11 Scale Mail Armor
31:23 Forging
32:45 Gambesons
32:46 Arson
33:03 Squires
34:31 Caravan
35:02 Coinage
34:59 Man-at-Arms
39:37 Imperial Age
38:38 Bloodlines
38:28 Husbandry
43:59 Onager
61:19 Cavalier
♚ Cartman ★
21:35 Feudal Age
25:31 Wheelbarrow
24:42 Town Watch
24:28 Man-at-Arms
24:50 Horse Collar
25:05 Stone Mining
25:07 Gold Mining
25:05 Double-Bit Axe
25:19 Arson
32:20 Castle Age
32:42 Padded Archer Armor
32:47 Scale Barding Armor
32:43 Scale Mail Armor
32:33 Fletching
32:54 Forging
36:04 Husbandry
35:34 Elite Skirmisher
35:36 Crossbowman
39:44 Yeomen
45:16 Ballistics
44:55 Heated Shot
45:47 Siphons
47:27 Treadmill Crane
50:26 Gold Shaft Mining
56:28 Pikeman
57:09 Squires
nohacenadi3489
11:42 Feudal Age
16:08 Castle Age
27:50 Imperial Age
26:02 Wheelbarrow
26:34 Double-Bit Axe
26:42 Gold Mining
29:47 Gold Shaft Mining
29:19 Scale Barding Armor
29:26 Chivalry
31:49 Bow Saw
33:14 Hand Cart
33:04 Husbandry
34:02 Chain Barding Armor
33:52 Stone Mining
36:52 Plate Barding Armor
35:42 Cavalier
36:27 Elite Throwing Axeman
38:17 Paladin
44:21 Chemistry
49:31 #83
49:49 Caravan
68:32 Heavy Scorpion
Krailor
12:52 Feudal Age
23:19 Castle Age
22:13 Bloodlines
23:38 Double-Bit Axe
37:01 Wheelbarrow
36:38 Bow Saw
36:09 Horse Collar
43:55 Pikeman
44:21 Arson
52:48 Imperial Age
50:34 Hand Cart
50:05 Town Watch
49:44 Pikeman
50:09 Arson
50:31 Tusk Swords
51:20 Town Patrol
51:44 Forging
53:04 Halberdier
54:39 Double Crossbow
58:25 Elite Skirmisher
60:17 Chemistry
59:38 Ballistics
59:24 Siege Engineers
59:59 Iron Casting
59:31 Scale Barding Armor
59:16 Fletching
59:27 Scale Mail Armor
59:29 Padded Archer Armor
63:21 Elite Ballista Elephant
66:22 Heavy Plow
66:48 Chain Barding Armor
66:23 Bodkin Arrow
66:44 Leather Archer Armor
66:45 Chain Mail Armor
67:30 Blast Furnace
thxreset
13:47 Feudal Age
23:21 Castle Age
24:46 Double-Bit Axe
33:09 Scale Barding Armor
35:35 Bow Saw
40:16 Man-at-Arms
50:06 Gold Mining
50:02 Horse Collar
63:55 Heavy Plow
65:05 Stone Mining
K ingaete 6787
11:45 Feudal Age
14:19 Loom
16:38 Castle Age
15:40 Double-Bit Axe
15:41 Horse Collar
16:13 Stone Mining
24:21 Wheelbarrow
26:42 Hand Cart
27:06 Heavy Plow
27:21 Bow Saw
32:18 Imperial Age
32:35 Heavy Scorpion
35:08 Detinets
34:38 Elite Boyar
39:34 Chemistry
38:54 Ballistics
41:17 Scale Barding Armor
41:02 Fletching
41:12 Padded Archer Armor
42:37 Detinets
43:01 Chain Barding Armor
42:37 Bodkin Arrow
42:45 Scale Mail Armor
42:55 Forging
45:38 Plate Barding Armor
45:19 Leather Archer Armor
45:34 Gold Mining
47:11 Iron Casting
46:52 Chain Mail Armor
48:47 Ballistics
68:33 Coinage
Connection lost

Rejoining the realm…

Still unreachable

The connection could not be restored.

Session expired

The server has moved on; the page needs a fresh start.